[Event "Early Titled Tuesday Blitz | February 8 2022"]
[White "Seo, Jung Min"]
[Black "Nesterov, Arseniy"]
[WhiteFideId "1734687"]
[BlackFideId "24198455"]
[WhiteElo "2401"]
[BlackElo "2489"]
[Result "1-0"]
[Round "04"]
[TimeControl "180+1"]
[Date "2022.02.08"]
[WhiteClock "0:00:08"]
[BlackClock "0:00:02"]

1. d4 d5 2. c4 e6 3. Nf3 Nf6 4. Nc3 Nbd7 5. cxd5 exd5 6. Bg5 Be7 7. e3 O-O 8. Bd3 h6 9. Bh4 c6 10. Qc2 Re8 11. O-O Ne4 12. Bxe7 Qxe7 13. Rfe1 Ndf6 14. Ne5 Bf5 15. f3 Nxc3 16. bxc3 Bxd3 17. Qxd3 Nd7 18. Nxd7 Qxd7 19. e4 dxe4 20. fxe4 Re6 21. Re3 Rae8 22. Rae1 b5 23. h3 a6 24. R1e2 Qd6 25. Re1 Rd8 26. Qc2 b4 27. Rd1 bxc3 28. Qxc3 Qf4 29. Rf1 Qd6 30. Rd1 Qe7 31. Rde1 Red6 32. Rd3 Qh4 33. Ree3 Qf4 34. Qd2 Kh8 35. Qc3 f6 36. Qd2 Qh4 37. Kh2 Qg5 38. g3 Qb5 39. Qc3 Qa4 40. e5 fxe5 41. Rxe5 Rxd4 42. Rxd4 Rxd4 43. Re2 Qc4 44. Qe3 Qd5 45. Qa3 Rd2 46. Rxd2 Qxd2+ 47. Kg1 Qe1+ 48. Kg2 Qe2+ 49. Kg1 Qc4 50. Qa5 Qc1+ 51. Kf2 Qc2+ 52. Kf3 Qc4 53. a4 Kg8 54. Qd8+ Kf7 55. Qc7+ Kf6 56. Qd6+ Qe6 57. Qd8+ Kg6 58. Qb6 Qd5+ 59. Kf2 a5 60. Qb2 Qf5+ 61. Kg2 Qe4+ 62. Kh2 Qd5 63. Qc2+ Kf6 64. Qc3+ Kf7 65. Qc2 Ke6 66. h4 Ke5 67. Qc3+ Ke4 68. Qxg7 Qd2+ 69. Kh3 c5 70. Qg6+ Kd4 71. g4 Qd3+ 72. Qxd3+ Kxd3 73. g5 c4 74. gxh6 c3 75. h7 c2 76. h8=Q c1=Q 77. Qd8+ Ke4 78. Qxa5 Qe3+ 79. Kg4 Qf4+ 80. Kh5 Qf7+ 81. Kh6 Qf6+ 82. Kh5 Qf7+ 83. Kg4 Qf3+ 84. Kg5 Qg3+ 85. Kf6 Qxh4+ 86. Ke6 Qh6+ 87. Kd7 Qg7+ 88. Kc6 Qg6+ 89. Kb5 Qf5+ 90. Ka6 Qe6+ 91. Qb6 Qc8+ 92. Ka5 Qa8+ 93. Kb5 Qe8+ 94. Qc6+ Qxc6+ 95. Kxc6 1-0


[Site "https://www.chess.com"]

[Event "Early Titled Tuesday Blitz | February 8 2022"]
[White "Sharavdorj, Dashzegve"]
[Black "Dounis, Alexandros"]
[WhiteFideId "4900340"]
[BlackFideId "4213238"]
[WhiteElo "2366"]
[BlackElo "2195"]
[Result "0-1"]
[Round "04"]
[TimeControl "180+1"]
[Date "2022.02.08"]
[WhiteClock "0:00:59"]
[BlackClock "0:00:10"]

1. d4 Nf6 2. c4 g6 3. Nc3 d5 4. cxd5 Nxd5 5. e4 Nxc3 6. bxc3 Bg7 7. Nf3 c5 8. Rb1 O-O 9. Be2 b6 10. O-O Bb7 11. Qd3 e6 12. Bg5 Qc7 13. Qe3 Nd7 14. e5 Rae8 15. h4 f6 16. exf6 Nxf6 17. Ne5 Nd5 18. Qg3 cxd4 19. cxd4 Qc3 20. Bd3 Qxd4 21. Nd7 Rf7 22. h5 Rxd7 23. hxg6 hxg6 24. Bxg6 Rf8 25. Rbd1 Nc3 26. Qh3 Ne2+ 27. Kh1 Rxf2 28. Rxd4 Rxf1+ 29. Kh2 Be5+ 30. Bf4 Nxf4 31. Rxd7 Nxh3+ 32. Kxh3 Bd5 33. Rxa7 Rf6 34. Bd3 Rf2 35. Bh7+ Kh8 36. Bd3 Rxg2 37. Kh4 Rh2+ 38. Kg5 Rd2 39. Bg6 Rg2+ 40. Kh5 Bf3+ 41. Kh4 Rxg6 42. Rf7 Rh6+ 43. Kg5 Rh5+ 44. Kg6 Rf5 45. Rb7 Bh5+ 46. Kh6 Bf4# 0-1


[Site "https://www.chess.com"]

[Event "Early Titled Tuesday Blitz | February 8 2022"]
[White "Shimanov, Aleksandr"]
[Black "Budrewicz, Krzysztof"]
[WhiteFideId "4198603"]
[BlackFideId "1127950"]
[WhiteElo "2636"]
[BlackElo "2248"]
[Result "1-0"]
[Round "04"]
[TimeControl "180+1"]
[Date "2022.02.08"]
[WhiteClock "0:00:34"]
[BlackClock "0:00:04"]

1. e4 c5 2. Nf3 e6 3. c3 Nf6 4. Bd3 Nc6 5. O-O e5 6. Re1 Be7 7. Bc2 O-O 8. d3 d6 9. Nbd2 h6 10. Nf1 b5 11. Ng3 a5 12. a4 b4 13. Bb3 Be6 14. Nd2 Qd7 15. Nc4 Rab8 16. h3 Bd8 17. Bd2 Ne7 18. Be3 Ng6 19. d4 bxc3 20. bxc3 cxd4 21. cxd4 Bxh3 22. dxe5 dxe5 23. Bc5 Re8 24. Nd6 Rf8 25. Ndf5 Qxd1 26. Bxd1 Bxf5 27. exf5 Ne7 28. Rxe5 Nc6 29. Re1 Re8 30. Rxe8+ Nxe8 31. Be2 Bb6 32. Rc1 Nf6 33. Bd6 Rc8 34. Ba6 Ra8 35. Bb7 Rd8 36. Rxc6 Ba7 37. Rc8 1-0


[Site "https://www.chess.com"]

[Event "Early Titled Tuesday Blitz | February 8 2022"]
[White "Shimelkov, Vasiliy"]
[Black "Zaichenko, Daria"]
[WhiteFideId "13701630"]
[BlackFideId "4197453"]
[WhiteElo "2073"]
[BlackElo "2039"]
[Result "1-0"]
[Round "04"]
[TimeControl "180+1"]
[Date "2022.02.08"]
[WhiteClock "0:00:45"]
[BlackClock "0:01:14"]

1. d4 d5 2. Nf3 Nf6 3. c4 e6 4. Nc3 Bd6 5. Bg5 c6 6. e3 h6 7. Bh4 Nbd7 8. Bd3 O-O 9. O-O dxc4 10. Bxc4 Nb6 11. Bd3 c5 12. Ne4 Be7 13. dxc5 Nxe4 14. Bxe7 Qxe7 15. Bxe4 Qxc5 16. Rc1 Qe7 17. Ne5 Qf6 18. f4 Nd5 19. Qf3 b6 20. Rfd1 Rd8 21. Nc6 Rd6 22. Bxd5 exd5 23. Nd4 Ba6 24. Rc7 Qd8 25. Rdc1 Bc4 26. Rc6 Rxc6 27. Nxc6 Qd6 28. b3 Rc8 29. Nxa7 Ra8 30. bxc4 Rxa7 31. cxd5 Rxa2 32. e4 g6 33. Rc8+ Kg7 34. Qc3+ Qf6 35. Rg8+ Kxg8 36. Qxf6 1-0


[Site "https://www.chess.com"]

[Event "Early Titled Tuesday Blitz | February 8 2022"]
[White "Shukhman, Anna"]
[Black "Khamzin, Olzhas"]
[WhiteFideId "54180058"]
[BlackFideId "13701690"]
[WhiteElo "1628"]
[BlackElo "2194"]
[Result "0-1"]
[Round "04"]
[TimeControl "180+1"]
[Date "2022.02.08"]
[WhiteClock "0:00:02"]
[BlackClock "0:00:21"]

1. e4 e6 2. d4 d6 3. Nc3 Be7 4. Nf3 b6 5. Bd3 Bb7 6. O-O Nd7 7. e5 dxe5 8. dxe5 a6 9. Be4 Qc8 10. Re1 Nc5 11. Bxb7 Qxb7 12. b4 Nd7 13. a3 Nh6 14. Bxh6 gxh6 15. Qe2 Rg8 16. Qe4 Qxe4 17. Rxe4 h5 18. Nd4 Rg4 19. Nc6 Rxe4 20. Nxe4 a5 21. b5 a4 22. f4 Nc5 23. Nxe7 Nxe4 24. Nc6 Nc3 25. f5 Nxb5 26. c4 Na7 27. Nd4 c5 28. Nf3 exf5 29. Rb1 Rb8 30. Nh4 b5 31. Nxf5 b4 32. Nd6+ Kf8 33. Rf1 bxa3 34. Rxf7+ Kg8 35. Rxa7 a2 36. Rxa4 Rb1+ 37. Kf2 a1=Q 38. Rxa1 Rxa1 39. Ne4 Rc1 40. Nxc5 Rxc4 41. Nd3 Kf7 42. Kf3 Ke6 43. g3 Rc3 44. Ke4 Rc4+ 45. Kf3 h4 46. g4 Kd5 47. Nf4+ Kxe5 48. Nh5 Rc3+ 49. Kf2 Rc7 50. Kg2 Rc3 51. h3 Ke4 52. Kh2 Kf3 53. Ng7 Rc2+ 54. Kg1 Kg3 55. Nh5+ Kxh3 56. Nf4+ Kxg4 57. Nh5 h3 58. Nf6+ Kf3 59. Nxh7 h2+ 60. Kh1 Kg3 0-1


[Site "https://www.chess.com"]

[Event "Early Titled Tuesday Blitz | February 8 2022"]
[White "Shuvalova, Polina"]
[Black "Lashkin, Jegor"]
[WhiteFideId "24171760"]
[BlackFideId "13907808"]
[WhiteElo "2355"]
[BlackElo "2344"]
[Result "0-1"]
[Round "04"]
[TimeControl "180+1"]
[Date "2022.02.08"]
[WhiteClock "0:00:03"]
[BlackClock "0:00:01"]

1. e4 c5 2. Nf3 d6 3. Bb5+ Bd7 4. Bxd7+ Nxd7 5. O-O Ngf6 6. Qe2 Rc8 7. c3 e6 8. d4 cxd4 9. cxd4 d5 10. e5 Ne4 11. Be3 Be7 12. Ne1 h6 13. f3 Ng5 14. Nd3 O-O 15. Nd2 Qb6 16. f4 Ne4 17. Nxe4 dxe4 18. Nf2 Qc6 19. Rac1 Qd5 20. b3 Ba3 21. Rc2 b5 22. Rd1 f5 23. exf6 Nxf6 24. h3 a6 25. Rdd2 Bd6 26. Rxc8 Rxc8 27. Rc2 Rc6 28. g4 a5 29. Qd2 Bb4 30. Qc1 Rxc2 31. Qxc2 Qd7 32. Nxe4 Nd5 33. Kf2 a4 34. Kf3 a3 35. Bd2 Be7 36. Ng3 Bb4 37. Ne4 Be7 38. Nf2 Bb4 39. Nd3 Bxd2 40. Qxd2 Qc6 41. Ne5 Qc3+ 42. Qd3 Qc1 43. f5 Qf4+ 44. Ke2 Qh2+ 45. Ke1 Qxa2 46. fxe6 Qa1+ 47. Kf2 Qb2+ 48. Kg3 a2 49. e7 Nxe7 50. Qxb5 Qc3+ 51. Kh4 a1=Q 52. Qe8+ Kh7 53. Qxe7 Qae1+ 54. Kh5 Qxh3+ 55. Qh4 Qhxh4# 0-1


[Site "https://www.chess.com"]

[Event "Early Titled Tuesday Blitz | February 8 2022"]
[White "Shyaamnikhil P"]
[Black "Krzywda, Andrzej"]
[WhiteFideId "5024218"]
[BlackFideId "1114565"]
[WhiteElo "2292"]
[BlackElo "2098"]
[Result "1/2-1/2"]
[Round "04"]
[TimeControl "180+1"]
[Date "2022.02.08"]
[WhiteClock "0:01:00"]
[BlackClock "0:00:42"]

1. d4 d5 2. Nf3 Nf6 3. e3 e6 4. Bd3 Bd6 5. O-O O-O 6. Ne5 c5 7. f4 Qc7 8. c3 Nbd7 9. Nd2 b6 10. Ndf3 Bb7 11. Bd2 Ne4 12. Be1 f5 13. Nxd7 Qxd7 14. Ne5 Bxe5 15. fxe5 Kh8 16. a4 a5 17. Qe2 Qe7 18. Bg3 Qg5 19. Bxe4 fxe4 20. Rxf8+ Rxf8 21. Rf1 Rxf1+ 22. Kxf1 Qf5+ 23. Ke1 c4 24. b3 Ba6 25. bxc4 Bxc4 26. Qf2 Kg8 27. Qxf5 exf5 28. Bh4 b5 29. axb5 Bxb5 30. Be7 Kf7 31. Ba3 g5 32. g3 Ke6 33. Kd2 Bc4 34. Bf8 a4 35. Bh6 a3 36. Kc2 a2 37. Kb2 f4 38. gxf4 g4 39. Bg5 Kf5 40. Bh4 h5 41. Bd8 Ke6 42. Bh4 Kf5 43. Bd8 Ke6 44. Bh4 Kf5 1/2-1/2


[Site "https://www.chess.com"]

[Event "Early Titled Tuesday Blitz | February 8 2022"]
[White "Silich, Yahor"]
[Black "Kalogridis, Antonios"]
[WhiteFideId "13513656"]
[BlackFideId "25833901"]
[WhiteElo "2101"]
[BlackElo "1495"]
[Result "0-1"]
[Round "04"]
[TimeControl "180+1"]
[Date "2022.02.08"]
[WhiteClock "0:00:03"]
[BlackClock "0:00:46"]

1. e4 c6 2. Nf3 d5 3. d3 e6 4. e5 c5 5. c3 Nc6 6. d4 Qb6 7. a3 c4 8. Nbd2 Na5 9. h4 Bd7 10. h5 h6 11. g3 f5 12. Bh3 O-O-O 13. Nh4 Ne7 14. O-O Be8 15. Re1 g5 16. hxg6 Nxg6 17. Nxg6 Bxg6 18. Nf3 Be7 19. Bf4 Nb3 20. Rb1 Bg5 21. Bxg5 hxg5 22. Nxg5 Rh5 23. f4 Rdh8 24. Kg2 Kd7 25. Rh1 Qd8 26. Qe2 Rxg5 27. fxg5 Qxg5 28. Qf2 Nd2 29. Qf4 Qxf4 30. gxf4 Nxb1 31. Rxb1 Bh5 32. Kf2 Rg8 33. Rh1 Bf7 34. Bg2 Ke7 35. Bf3 Kf8 36. b3 cxb3 37. Rb1 Ke7 38. Rxb3 b6 39. a4 Rc8 40. Be2 Be8 41. Ra3 a5 42. Ke3 Bd7 43. Kd2 Kd8 44. Ra1 Kc7 45. c4 dxc4 46. Bxc4 Kd8 47. Bd3 Ke7 48. Rb1 Bxa4 49. Rxb6 Bd7 50. Ra6 a4 51. Ra7 Kd8 52. Bc2 Rc4 53. Kd3 Bb5 54. Rb7 Ba6 55. Rb8+ Rc8+ 0-1


[Site "https://www.chess.com"]

[Event "Early Titled Tuesday Blitz | February 8 2022"]
[White "Sjugirov, Sanan"]
[Black "Ozer, Omer Faruk"]
[WhiteFideId "4189302"]
[BlackFideId "6354564"]
[WhiteElo "2602"]
[BlackElo "2050"]
[Result "1-0"]
[Round "04"]
[TimeControl "180+1"]
[Date "2022.02.08"]
[WhiteClock "0:00:28"]
[BlackClock "0:00:07"]

1. e4 c5 2. Nf3 e6 3. c3 Qa5 4. g3 Nc6 5. Bg2 Nf6 6. Qe2 Be7 7. e5 Nd5 8. O-O O-O 9. d3 f6 10. exf6 Nxf6 11. Nbd2 Qc7 12. Ne4 Nxe4 13. dxe4 b6 14. e5 Bb7 15. Bf4 Rf7 16. Rad1 Raf8 17. Qe3 h6 18. h4 Bd8 19. Qd2 Qb8 20. Rfe1 Bc7 21. h5 Rd8 22. Nh4 Ne7 23. Bxb7 Qxb7 24. c4 Nc6 25. Qd3 Nd4 26. Qe4 Qa6 27. Be3 Nc6 28. Ng6 Qxa2 29. Rd2 Qb3 30. Red1 Na5 31. Rc1 Nc6 32. Kg2 Nb4 33. Ra1 a5 34. Ra3 1-0


[Site "https://www.chess.com"]

[Event "Early Titled Tuesday Blitz | February 8 2022"]
[White "Sokolovsky, Yahli"]
[Black "Popadic, Dragan"]
[WhiteFideId "2820242"]
[BlackFideId "913650"]
[WhiteElo "1770"]
[BlackElo "2199"]
[Result "0-1"]
[Round "04"]
[TimeControl "180+1"]
[Date "2022.02.08"]
[WhiteClock "0:00:10"]
[BlackClock "0:00:49"]

1. b3 e5 2. Bb2 d6 3. e3 Nf6 4. d4 Nbd7 5. Nf3 exd4 6. exd4 Be7 7. c4 O-O 8. Bd3 c5 9. d5 Ne8 10. Nc3 Bf6 11. O-O Ne5 12. Bc2 Bg4 13. Be4 a6 14. Rb1 Rb8 15. Qe2 b5 16. cxb5 axb5 17. h3 Nxf3+ 18. Bxf3 Bf5 19. Be4 Bxe4 20. Nxe4 Bxb2 21. Rxb2 Nf6 22. Nxf6+ Qxf6 23. Re1 b4 24. Rc2 Ra8 25. Rc4 g6 26. h4 h5 27. Re4 Kg7 28. Qd2 Ra7 29. Rf4 Qc3 30. Qe2 Rfa8 31. g4 Rxa2 32. Qe7 Qxe1+ 33. Qxe1 Ra1 34. Qxa1+ Rxa1+ 35. Kg2 hxg4 36. Rxg4 Rd1 37. Rg5 Rd3 38. h5 Rxb3 39. hxg6 fxg6 40. Rg4 Rd3 41. Rg5 Kf6 42. Rg4 Rxd5 0-1


[Site "https://www.chess.com"]

[Event "Early Titled Tuesday Blitz | February 8 2022"]
[White "Sovetbekova, Nurai"]
[Black "Stanisz, Patryk"]
[WhiteFideId "13801910"]
[BlackFideId "1123106"]
[WhiteElo "1545"]
[BlackElo "1876"]
[Result "0-1"]
[Round "04"]
[TimeControl "180+1"]
[Date "2022.02.08"]
[WhiteClock "0:00:12"]
[BlackClock "0:00:09"]

1. d4 Nf6 2. c4 b5 3. cxb5 a6 4. bxa6 Bxa6 5. Nc3 g6 6. e4 c5 7. Bxa6 Nxa6 8. Nf3 cxd4 9. Nxd4 Bg7 10. O-O d6 11. Be3 O-O 12. Rc1 Nc5 13. f3 Qa5 14. Nb3 Nxb3 15. Qxb3 Rfb8 16. Qc2 Qb4 17. b3 Rc8 18. Qd3 Rc7 19. Nd5 Nxd5 20. Qxd5 Rac8 21. Rxc7 Rxc7 22. Qa8+ Bf8 23. Bh6 Qc5+ 24. Kh1 Rc8 25. Qa4 Bxh6 26. f4 Qf2 27. Qa6 Qc5 28. h3 Kg7 29. a4 Qc6 30. Qd3 Qc2 31. Qa6 Kg8 32. b4 Rc3 33. Qa8+ Kg7 34. b5 Qd3 35. Rg1 Qg3 36. Qd5 Bxf4 37. Qd4+ e5 38. Qxc3 Qxc3 39. Rd1 Qg3 40. Kg1 Qh2+ 41. Kf1 Qg3 42. Ke2 Qxg2+ 43. Kd3 Qf3+ 44. Kc2 Qe2+ 45. Kb1 Qxd1+ 46. Kb2 Qc1+ 47. Kb3 Qc5 48. a5 Qxb5+ 49. Ka3 Qxa5+ 50. Kb2 Qc5 51. Kb3 Be3 52. Kb2 Bd4+ 53. Kb1 Qc3 54. Ka2 Qb2# 0-1


[Site "https://www.chess.com"]

[Event "Early Titled Tuesday Blitz | February 8 2022"]
[White "Stankovic, Ivan G"]
[Black "Cherniaiev, Tykhon"]
[WhiteFideId "902837"]
[BlackFideId "14182360"]
[WhiteElo "2195"]
[BlackElo "2289"]
[Result "1/2-1/2"]
[Round "04"]
[TimeControl "180+1"]
[Date "2022.02.08"]
[WhiteClock "0:01:07"]
[BlackClock "0:01:07"]

1. e4 c5 2. c4 Nc6 3. Nc3 Nf6 4. g3 e6 5. Bg2 d5 6. d3 dxc4 7. dxc4 Qxd1+ 8. Nxd1 Nd4 9. Ne3 e5 10. Ne2 Be6 11. b3 O-O-O 12. Bb2 Be7 13. Bxd4 cxd4 14. Nd5 Bxd5 15. cxd5 Kb8 16. Kd2 Bb4+ 17. Kd3 Rc8 18. Bh3 Rc7 19. Rac1 Ne8 20. f4 f6 21. Rhf1 Rf8 22. Rxc7 Nxc7 23. fxe5 fxe5 24. Rxf8+ Bxf8 25. Ng1 Be7 26. Nf3 Bf6 27. Nd2 Ne8 28. Bf5 h6 29. a4 Nd6 30. Nc4 Kc7 31. Nxd6 Kxd6 32. h4 1/2-1/2


[Site "https://www.chess.com"]

[Event "Early Titled Tuesday Blitz | February 8 2022"]
[White "Sychev, Klementy"]
[Black "Gabdrakhmanov, Azat"]
[WhiteFideId "4114060"]
[BlackFideId "34189197"]
[WhiteElo "2564"]
[BlackElo "2279"]
[Result "1-0"]
[Round "04"]
[TimeControl "180+1"]
[Date "2022.02.08"]
[WhiteClock "0:00:49"]
[BlackClock "0:00:06"]

1. d4 Nf6 2. c4 g6 3. g3 Bg7 4. Bg2 O-O 5. Nc3 d6 6. Nf3 c5 7. d5 Na6 8. O-O Nc7 9. e4 Rb8 10. a4 a6 11. e5 Nfe8 12. a5 Bg4 13. exd6 Nxd6 14. Qe2 b5 15. axb6 Rxb6 16. Be3 Bd4 17. Bxd4 cxd4 18. c5 dxc3 19. cxb6 Nxd5 20. bxc3 Qxb6 21. c4 Nb4 22. Qxe7 Re8 23. Qh4 h5 24. Qf6 Nxc4 25. Qc3 Bxf3 26. Bxf3 Ne5 27. Bg2 Ned3 28. Rad1 Qb5 29. Bc6 Nxc6 30. Qxd3 Qg5 31. Qd7 Re6 32. Qc8+ Kg7 33. Qxa6 Ne5 34. Qa1 Kh7 35. f4 Qg4 36. fxe5 h4 37. Rxf7+ Kh6 38. Rd4 Qe2 39. Rxh4+ Kg5 40. Qc1+ 1-0


[Site "https://www.chess.com"]

[Event "Early Titled Tuesday Blitz | February 8 2022"]
[White "Szpar, Milosz"]
[Black "Jobava, Baadur"]
[WhiteFideId "1184989"]
[BlackFideId "13601520"]
[WhiteElo "2447"]
[BlackElo "2617"]
[Result "1-0"]
[Round "04"]
[TimeControl "180+1"]
[Date "2022.02.08"]
[WhiteClock "0:00:06"]
[BlackClock "0:00:59"]

1. e4 c6 2. Nf3 d5 3. d3 Bg4 4. Qe2 e6 5. h3 Bxf3 6. Qxf3 Nd7 7. g3 h5 8. h4 g6 9. Bg2 Bh6 10. Bxh6 Nxh6 11. O-O Qf6 12. Qxf6 Nxf6 13. Nd2 Ke7 14. Rfe1 dxe4 15. dxe4 Rhd8 16. Nc4 Nd7 17. Bf1 Ng4 18. Na5 Rab8 19. Rad1 Nge5 20. Kg2 Nb6 21. Rxd8 Kxd8 22. f4 Ng4 23. Kf3 Kc7 24. Rd1 Na4 25. b3 Nc3 26. Rd3 Nxa2 27. Bh3 Nb4 28. Rd2 b6 29. Nc4 b5 30. Ne5 Nxe5+ 31. fxe5 a5 32. Ke3 Rb7 33. c3 Na6 34. g4 hxg4 35. Bxg4 a4 36. b4 Nb8 37. h5 gxh5 38. Bxh5 Kb6 39. Rf2 Nd7 40. Bxf7 Nxe5 41. Bxe6 Re7 42. Bf5 Re8 43. Ra2 Nc4+ 44. Kf4 a3 45. Kg5 Rd8 46. Kf6 Rd2 47. Ra1 Re2 48. Be6 Nd2 49. e5 Ne4+ 50. Kf5 Nxc3 51. Rxa3 Rf2+ 52. Kg6 Ne2 53. Bg4 Rg2 54. Kg5 Nd4 55. Re3 Nc2 56. Re4 Na3 57. e6 Nc4 58. Rxc4 bxc4 59. e7 c3 60. e8=Q c2 61. Qe3+ Kb5 62. Qd3+ Kxb4 63. Qe4+ Kb3 64. Qxg2 c1=Q+ 65. Kh5 c5 66. Qf3+ Kb4 67. Bf5 c4 68. Qb7+ Kc3 69. Qg7+ Kb3 70. Qb7+ Ka3 71. Qa7+ Kb2 72. Qg7+ c3 73. Qb7+ Ka2 74. Be6+ Ka3 75. Qb3# 1-0


[Site "https://www.chess.com"]

[Event "Early Titled Tuesday Blitz | February 8 2022"]
[White "Todorovic, Bojan"]
[Black "Ronka, Erik"]
[WhiteFideId "917087"]
[BlackFideId "505080"]
[WhiteElo "2266"]
[BlackElo "2264"]
[Result "0-1"]
[Round "04"]
[TimeControl "180+1"]
[Date "2022.02.08"]
[WhiteClock "0:01:56"]
[BlackClock "0:01:13"]

1. Nf3 Nf6 2. c4 g6 3. Nc3 Bg7 4. d4 d6 5. e4 O-O 6. h3 e5 7. d5 a5 8. Be3 Na6 9. Nd2 Nd7 10. g4 Nac5 11. h4 c6 12. h5 cxd5 13. Nxd5 b5 14. Qf3 bxc4 15. hxg6 fxg6 16. Qh3 Nd3+ 17. Bxd3 cxd3 18. Qxh7+ Kf7 19. Rh6 Nf6 20. Rxg6 Nxh7 0-1


[Site "https://www.chess.com"]

[Event "Early Titled Tuesday Blitz | February 8 2022"]
[White "Tregubov, Pavel V."]
[Black "Le, Tuan Minh"]
[WhiteFideId "4115341"]
[BlackFideId "12401153"]
[WhiteElo "2341"]
[BlackElo "2450"]
[Result "0-1"]
[Round "04"]
[TimeControl "180+1"]
[Date "2022.02.08"]
[WhiteClock "0:01:23"]
[BlackClock "0:01:54"]

1. e4 c5 2. Nf3 Nf6 3. e5 Nd5 4. c3 e6 5. d4 cxd4 6. cxd4 b6 7. Bc4 Bb7 8. Bxd5 Bxd5 9. Nc3 Bb4 10. O-O Bxc3 11. bxc3 O-O 12. Qd3 f5 13. exf6 Qxf6 14. Ng5 Qf5 15. Qxf5 Rxf5 16. Re1 Nc6 17. Ne4 Bxe4 18. Rxe4 Na5 19. f4 Rc8 20. Bd2 Nc4 21. Be1 Kf7 22. g4 Ra5 23. Kf1 g6 24. h4 h5 25. gxh5 gxh5 26. Re2 Rg8 27. Rg2 Ne3+ 0-1


[Site "https://www.chess.com"]

[Event "Early Titled Tuesday Blitz | February 8 2022"]
[White "Triapishko, Alexandr"]
[Black "Bambino Filho, Antonio Carlos"]
[WhiteFideId "14122286"]
[BlackFideId "2113163"]
[WhiteElo "2479"]
[BlackElo "2466"]
[Result "1-0"]
[Round "04"]
[TimeControl "180+1"]
[Date "2022.02.08"]
[WhiteClock "0:00:05"]
[BlackClock "0:00:01"]

1. d4 Nf6 2. c4 e6 3. Bf4 Bb4+ 4. Nd2 d5 5. e3 O-O 6. Nf3 c5 7. dxc5 Bxc5 8. Be2 Nc6 9. O-O b6 10. a3 Bb7 11. cxd5 Nxd5 12. Bg3 Rc8 13. Ne4 Be7 14. Rc1 f5 15. Nc3 Nxc3 16. Rxc3 Bf6 17. Rd3 Qe8 18. b4 e5 19. Rd7 Ba8 20. Ba6 Rd8 21. Rxd8 Nxd8 22. Qd6 Nf7 23. Qc7 Bxf3 24. gxf3 Ng5 25. Bc4+ Kh8 26. Bd5 f4 27. exf4 exf4 28. Bxf4 Bd8 29. Qc8 Rxf4 30. Rd1 Rf8 31. h4 Nf7 32. Bxf7 Qxf7 33. Rxd8 Kg8 34. Rxf8+ Qxf8 35. Qb7 Qf4 36. Qxa7 Qxh4 37. Qa8+ 1-0


[Site "https://www.chess.com"]

[Event "Early Titled Tuesday Blitz | February 8 2022"]
[White "Turzo, Attila"]
[Black "Thomas, Anysia"]
[WhiteFideId "704954"]
[BlackFideId "670472"]
[WhiteElo "2490"]
[BlackElo "2002"]
[Result "0-1"]
[Round "04"]
[TimeControl "180+1"]
[Date "2022.02.08"]
[WhiteClock "0:00:12"]
[BlackClock "0:00:13"]

1. d4 Nf6 2. c4 g6 3. Nc3 d5 4. Nf3 Bg7 5. Qb3 dxc4 6. Qxc4 O-O 7. e4 a6 8. Be2 b5 9. Qb3 c5 10. dxc5 Be6 11. Qc2 Nbd7 12. O-O Nxc5 13. Rd1 Qc7 14. Nd5 Nxd5 15. exd5 Bf5 16. Qd2 Rfd8 17. Qb4 Ne4 18. Be3 Nf6 19. Rac1 Qb7 20. d6 Nd5 21. Rxd5 Qxd5 22. dxe7 Re8 23. Ng5 Qe5 24. Bf3 Rac8 25. Rxc8 Bxc8 26. Qb3 Qxe7 27. h4 h6 28. Ne4 Bf5 29. Nc5 Qxh4 30. Nxa6 Be4 31. Bxe4 Qxe4 32. Qxb5 Qb1+ 33. Kh2 Rd8 34. a3 Qxb2 35. Qa5 Qe5+ 36. Qxe5 Bxe5+ 37. g3 Ra8 38. Nc5 Rxa3 39. Nd7 Bg7 40. Kg2 Ra2 41. Kf3 g5 42. Nc5 f5 43. Ne6 Kf7 44. Nd8+ Kg6 45. Ne6 Ra3 46. Kg2 Bf6 47. Nc5 Ra2 48. Nd7 f4 49. gxf4 gxf4 50. Bxf4 Ra7 51. Nc5 Ra2 52. Bg3 Bd4 53. Ne6 Ba7 54. Nf4+ Kf5 55. Nd5 h5 56. Kf3 Kg6 57. Ne7+ Kf7 58. Nc6 Bc5 59. Ne5+ Ke6 60. Nd3 Kd5 61. Nf4+ Ke5 62. Nxh5+ Kf5 63. Nf4 Ra3+ 64. Kg2 Kg4 65. Nd5 Bd4 66. Ne7 Ra2 67. Nd5 Kf5 68. Kf3 Ra3+ 69. Ne3+ Bxe3 70. fxe3 Rb3 71. Bf4 Ra3 72. Bg3 Rb3 73. Bf4 Ke6 74. Bg3 Kd5 75. Bf4 Rb1 76. Bg3 Rf1+ 77. Bf2 Ke6 78. Ke2 Rh1 79. Kf3 Kf5 80. Bg3 Rf1+ 81. Bf2 Rh1 82. e4+ Ke6 83. Bg3 Rf1+ 84. Kg4 Rf7 85. Bf4 Rf8 86. Kf3 Rf7 87. Ke3 Ra7 88. Kd4 Ra4+ 89. Ke3 Ra3+ 90. Kf2 Rb3 91. Ke2 Ra3 92. Kf2 Rb3 93. Ke2 Kf6 94. Kd2 Kg6 95. Ke2 Kh5 96. e5 Kg4 97. Be3 Kf5 98. Bd4 Ke4 99. Ba1 Ra3 100. Bb2 Ra2 101. Kd1 Rxb2 102. e6 Rb7 103. Kd2 Re7 104. Kc3 Rxe6 105. Kc4 Re5 106. Kc3 Rd5 107. Kc4 Ke5 108. Kc3 Rd8 109. Kc4 Rd7 110. Kc3 Ke4 111. Kc4 Rc7+ 112. Kb4 Kd5 113. Kb5 Rc8 114. Ka6 Kc6 115. Ka7 Kc7 116. Ka6 Rb8 117. Ka7 Rb2 0-1


[Site "https://www.chess.com"]

[Event "Early Titled Tuesday Blitz | February 8 2022"]
[White "Urbina Perez, Juan Antonio"]
[Black "Shevtchenko, Olesya"]
[WhiteFideId "2217368"]
[BlackFideId "24131890"]
[WhiteElo "2192"]
[BlackElo "2003"]
[Result "0-1"]
[Round "04"]
[TimeControl "180+1"]
[Date "2022.02.08"]
[WhiteClock "0:01:23"]
[BlackClock "0:00:24"]

1. Nf3 d5 2. e3 Nf6 3. b3 c5 4. Bb5+ Nc6 5. Bb2 e6 6. O-O Be7 7. c4 O-O 8. Bxc6 bxc6 9. Ne5 Bb7 10. d3 Nd7 11. Nd2 Nxe5 12. Bxe5 f6 13. Bb2 e5 14. e4 a5 15. Rb1 Bc8 16. Ba3 a4 17. bxa4 Qa5 18. Nb3 Qxa4 19. Bxc5 Bxc5 20. Nxc5 Qxa2 21. cxd5 cxd5 22. Ra1 Qxa1 23. Qxa1 Rxa1 24. Rxa1 dxe4 25. dxe4 Bg4 26. f3 Rc8 27. Nd3 Be6 28. Rc1 Rxc1+ 29. Nxc1 Bc4 30. Kf2 Kf8 31. Ke3 Ke7 32. g3 Kd6 33. Kd2 Kc5 34. Kc3 g6 35. h4 h5 36. f4 Kb5 37. f5 gxf5 38. exf5 Kc5 39. Kd2 Kd4 40. Ke1 Ke3 41. Kd1 Kf3 42. Kd2 Kxg3 43. Ke3 Kg4 44. Kf2 Kxf5 45. Kg3 Ke4 46. Kf2 f5 47. Ke1 f4 48. Kf2 Kd4 49. Ke1 e4 50. Kf2 Kc3 51. Ke1 Kc2 52. Ne2 Bxe2 53. Kxe2 e3 54. Ke1 Kd3 55. Kf1 f3 56. Ke1 f2+ 57. Kf1 Kd2 58. Kg2 Ke1 59. Kh2 f1=Q 60. Kg3 Qf2+ 61. Kh3 Qf8 62. Kg3 Kd2 63. Kh3 e2 64. Kg2 Qg7+ 65. Kh2 Qe5+ 66. Kg2 Qe4+ 67. Kh2 Qf4+ 68. Kg2 Qg4+ 69. Kh2 Qxh4+ 70. Kg2 Qg4+ 71. Kh2 Qg8 72. Kh3 e1=Q 73. Kh2 Qeg3+ 0-1


[Site "https://www.chess.com"]

[Event "Early Titled Tuesday Blitz | February 8 2022"]
[White "Van Foreest, Jorden"]
[Black "Goryachkina, Aleksandra"]
[WhiteFideId "1039784"]
[BlackFideId "4147103"]
[WhiteElo "2609"]
[BlackElo "2426"]
[Result "1-0"]
[Round "04"]
[TimeControl "180+1"]
[Date "2022.02.08"]
[WhiteClock "0:01:53"]
[BlackClock "0:00:07"]

1. e4 e6 2. d4 d5 3. Nd2 c5 4. exd5 Qxd5 5. Ngf3 cxd4 6. Bc4 Qd7 7. O-O Nc6 8. Nb3 a6 9. Nbxd4 Nxd4 10. Nxd4 Qc7 11. Qe2 Bd6 12. Nf5 Bxh2+ 13. Kh1 Be5 14. Bg5 exf5 15. f4 f6 16. Bh4 Ne7 17. fxe5 fxe5 18. Rad1 Bd7 19. Qh5+ g6 20. Qg5 O-O-O 21. Qxe7 Qxc4 22. Rf3 Kb8 23. Qd6+ Ka8 24. Bxd8 Rxd8 25. Qxe5 Qh4+ 26. Rh3 Qg4 27. Rxd7 1-0


[Site "https://www.chess.com"]

[Event "Early Titled Tuesday Blitz | February 8 2022"]
[White "Varney, Zoe"]
[Black "Borisova, Ekaterina"]
[WhiteFideId "436135"]
[BlackFideId "34124184"]
[WhiteElo "1808"]
[BlackElo "2034"]
[Result "0-1"]
[Round "04"]
[TimeControl "180+1"]
[Date "2022.02.08"]
[WhiteClock "0:00:26"]
[BlackClock "0:01:53"]

1. e4 c6 2. c4 d5 3. exd5 cxd5 4. cxd5 Nf6 5. Nc3 g6 6. Bc4 Bg7 7. Nf3 O-O 8. d3 Nbd7 9. d6 exd6 10. O-O a6 11. Re1 b5 12. Bb3 Bb7 13. Ne4 Nc5 14. Bc2 Re8 15. Bg5 Ncxe4 16. dxe4 h6 17. Bxf6 Qxf6 18. Rb1 Rac8 19. Qd3 Rc4 20. Nd2 Rc5 21. b4 Rc3 0-1


[Site "https://www.chess.com"]